| TOP OF THE 1ST |
|
Northwest Arkansas Naturals batting - Pitching for Erie SeaWolves : RHP Alex Garrett
|
|
Pitching: RHP Alex Garrett
|
|
|
Batting: SHB Ryoji Hiraoka
|
0-0: Called Strike 0-1: Ball 1-1: Ball 2-1: Ball 3-1: Base on Balls
|
|
Batting: RHB Kazuki Arai
|
0-0: Called Strike Ryoji Hiraoka steals 2nd base 0-1: Ball 1-1: Foul Ball, location: 2F 1-2: Ball 2-2: Ball 3-2: Strikes out swinging
|
|
Batting: RHB Alex Cid
|
0-0: Ball Ryoji Hiraoka steals 3rd base 1-0: SINGLE (Groundball, 6MD, EV 93.8 MPH) Ryoji Hiraoka scores
|
|
Batting: RHB Andy Urquhart
|
0-0: Ball 1-0: Ball 2-0: Called Strike 2-1: Fly out, F9 (Flyball, 89M, EV 95.6 MPH)
|
|
Batting: RHB Edwin Ramos
|
0-0: Ball 1-0: Called Strike 1-1: Ball 2-1: Ball 3-1: Base on Balls Alex Cid to second
|
|
Batting: LHB Joe Cozart
|
0-0: Ball 1-0: Fielders Choice at 2nd, 6-4 (Groundball, 4M, EV 79.4 MPH)
|
| Top of the 1st over - 1 run, 1 hit, 0 errors, 2 left on base; Northwest Arkansas 1 - Erie 0 |
| BOTTOM OF THE 1ST |
|
Erie SeaWolves batting - Pitching for Northwest Arkansas Naturals : LHP Walter Whiteman
|
|
Pitching: LHP Walter Whiteman
|
|
|
Batting: RHB Carlos Armenteros
|
0-0: Called Strike 0-1: Ball 1-1: Called Strike 1-2: Ball 2-2: Fly out, F7 (Flyball, 7, EV 90.0 MPH)
|
|
Batting: RHB Eric Angelle
|
0-0: Called Strike 0-1: Foul Ball, location: 2F 0-2: Ball 1-2: Ground out 5-3 (Groundball, 56, EV 85.0 MPH)
|
|
Batting: RHB Adam MacConnell
|
0-0: Swinging Strike 0-1: Swinging Strike 0-2: Ball 1-2: Ball 2-2: Ball 3-2: DOUBLE (Line Drive, 78D, EV 105.6 MPH)
|
|
Batting: RHB John Evancho
|
0-0: Foul Ball, location: 2F 0-1: Ground out 4-3 (Groundball, 4, EV 81.9 MPH)
|
| Bottom of the 1st over - 0 runs, 1 hit, 0 errors, 1 left on base; Northwest Arkansas 1 - Erie 0 |
| TOP OF THE 2ND |
|
Northwest Arkansas Naturals batting - Pitching for Erie SeaWolves : RHP Alex Garrett
|
|
Batting: RHB Eric Erickson
|
0-0: Ground out 4-3 (Groundball, 4, EV 80.0 MPH)
|
|
Batting: LHB Randy Stapleton
|
0-0: Ball 1-0: Foul Ball, location: 2F 1-1: Ball 2-1: Ball 3-1: Foul Ball, location: 2F 3-2: Foul Ball, location: 2F 3-2: Strikes out swinging
|
|
Batting: SHB Danny Ballenger
|
0-0: Ball 1-0: Ball 2-0: Ball 3-0: Base on Balls
|
|
Batting: SHB Ryoji Hiraoka
|
0-0: Called Strike 0-1: Ball 1-1: Ball 2-1: Ball 3-1: Base on Balls Danny Ballenger to second
|
|
Batting: RHB Kazuki Arai
|
0-0: Ball 1-0: Ball 2-0: Fielders Choice at 2nd, 6-4 (Groundball, 6, EV 83.1 MPH)
|
| Top of the 2nd over - 0 runs, 0 hits, 0 errors, 2 left on base; Northwest Arkansas 1 - Erie 0 |
| BOTTOM OF THE 2ND |
|
Erie SeaWolves batting - Pitching for Northwest Arkansas Naturals : LHP Walter Whiteman
|
|
Batting: RHB Benny O'Connor
|
0-0: Called Strike 0-1: Swinging Strike 0-2: Foul Ball, location: 2F 0-2: Ground out 6-3 (Groundball, 6, EV 91.9 MPH)
|
|
Batting: RHB Tony Soto
|
0-0: Foul Ball, location: 2F 0-1: Foul Ball, location: 2F 0-2: SINGLE (Groundball, 56, EV 99.4 MPH)
|
|
Batting: RHB Tanner Purchase
|
0-0: Foul Ball, location: 2F 0-1: Called Strike 0-2: Ball 1-2: Ball 2-2: Ball 3-2: Strikes out swinging
|
|
Batting: RHB Jamie Villagrana
|
0-0: Called Strike 0-1: Fly out, F7 (Flyball, 7S, EV 78.8 MPH)
|
| Bottom of the 2nd over - 0 runs, 1 hit, 0 errors, 1 left on base; Northwest Arkansas 1 - Erie 0 |
| TOP OF THE 3RD |
|
Northwest Arkansas Naturals batting - Pitching for Erie SeaWolves : RHP Alex Garrett
|
|
Batting: RHB Alex Cid
|
0-0: Called Strike 0-1: Swinging Strike 0-2: Strikes out swinging
|
|
Batting: RHB Andy Urquhart
|
0-0: Called Strike 0-1: Called Strike 0-2: Reached via error on a dropped throw from 2B, E3 (Groundball, 4M, EV 85.0 MPH)
|
|
Batting: RHB Edwin Ramos
|
0-0: Foul Ball, location: 2F 0-1: Called Strike 0-2: Fielders Choice at 2nd, 6-4 (Groundball, 6, EV 85.6 MPH)
|
|
Batting: LHB Joe Cozart
|
0-0: Called Strike Edwin Ramos steals 2nd base 0-1: Swinging Strike 0-2: Foul Ball, location: 2F 0-2: Ball 1-2: Strikes out swinging
|
| Top of the 3rd over - 0 runs, 0 hits, 1 error, 1 left on base; Northwest Arkansas 1 - Erie 0 |
| BOTTOM OF THE 3RD |
|
Erie SeaWolves batting - Pitching for Northwest Arkansas Naturals : LHP Walter Whiteman
|
|
Batting: LHB Nick Nino
|
0-0: Foul Ball, location: 2F 0-1: Ground out 6-3 (Groundball, 56, EV 86.2 MPH)
|
|
Batting: RHB Carlos Armenteros
|
0-0: Swinging Strike 0-1: Called Strike 0-2: Ball 1-2: Strikes out swinging
|
|
Batting: RHB Eric Angelle
|
0-0: Called Strike 0-1: Ball 1-1: Called Strike 1-2: Foul Ball, location: 2F 1-2: Ball 2-2: Ball 3-2: Foul Ball, location: 2F 3-2: Foul Ball, location: 2F 3-2: SINGLE (Groundball, 4MD, EV 101.9 MPH)
|
|
Batting: RHB Adam MacConnell
|
0-0: Ball 1-0: Ground out 4-3 (Groundball, 34S, EV 84.4 MPH)
|
| Bottom of the 3rd over - 0 runs, 1 hit, 0 errors, 1 left on base; Northwest Arkansas 1 - Erie 0 |
| TOP OF THE 4TH |
|
Northwest Arkansas Naturals batting - Pitching for Erie SeaWolves : RHP Alex Garrett
|
|
Batting: RHB Eric Erickson
|
0-0: Ball 1-0: Swinging Strike 1-1: Called Strike 1-2: Ground out 6-3 (Groundball, 6, EV 88.1 MPH)
|
|
Batting: LHB Randy Stapleton
|
0-0: Ball 1-0: Called Strike 1-1: Swinging Strike 1-2: SOLO HOME RUN (Flyball, 7D, EV 99.4 MPH), Distance : 388 ft
|
|
Batting: SHB Danny Ballenger
|
0-0: SINGLE (Line Drive, 7S, EV 98.8 MPH)
|
|
Batting: SHB Ryoji Hiraoka
|
0-0: Ball 1-0: Ball 2-0: Foul Ball, location: 2F 2-1: Ball 3-1: Fly out, F7 (Flyball, 78M, EV 93.1 MPH)
|
|
Batting: RHB Kazuki Arai
|
0-0: Foul Ball, location: 2F 0-1: Swinging Strike 0-2: Ball 1-2: Foul Ball, location: 2F 1-2: Ball 2-2: Ball 3-2: SINGLE (Groundball, 3D, EV 105.0 MPH) Danny Ballenger to second Danny Ballenger to third
|
|
Batting: RHB Alex Cid
|
0-0: Called Strike 0-1: Ball 1-1: Swinging Strike 1-2: Ball 2-2: Ball 3-2: Strikes out swinging
|
| Top of the 4th over - 1 run, 3 hits, 0 errors, 2 left on base; Northwest Arkansas 2 - Erie 0 |
| BOTTOM OF THE 4TH |
|
Erie SeaWolves batting - Pitching for Northwest Arkansas Naturals : LHP Walter Whiteman
|
|
Batting: RHB John Evancho
|
0-0: Ball 1-0: Foul Ball, location: 2F 1-1: Ball 2-1: Swinging Strike 2-2: DOUBLE (Line Drive, 9LD, EV 108.8 MPH)
|
|
Batting: RHB Benny O'Connor
|
0-0: Ball 1-0: Called Strike 1-1: Swinging Strike 1-2: Ball 2-2: Strikes out swinging
|
|
Batting: RHB Tony Soto
|
0-0: Called Strike 0-1: Ball 1-1: Ball 2-1: Ball 3-1: Ground out 1-3 (Groundball, P, EV 69.4 MPH) John Evancho to third
|
|
Batting: RHB Tanner Purchase
|
0-0: Ball 1-0: Foul Ball, location: 2F 1-1: Ball 2-1: Foul Ball, location: 2F 2-2: Foul Ball, location: 2F 2-2: Foul Ball, location: 2F 2-2: Ball 3-2: Foul Ball, location: 2F 3-2: Strikes out looking
|
| Bottom of the 4th over - 0 runs, 1 hit, 0 errors, 1 left on base; Northwest Arkansas 2 - Erie 0 |
| TOP OF THE 5TH |
|
Northwest Arkansas Naturals batting - Pitching for Erie SeaWolves : RHP Alex Garrett
|
|
Batting: RHB Andy Urquhart
|
0-0: Called Strike 0-1: Ball 1-1: Swinging Strike 1-2: Ball 2-2: Fly out, F1 (Popup, P, EV 81.9 MPH)
|
|
Batting: RHB Edwin Ramos
|
0-0: Called Strike 0-1: Ground out 5-3 (Groundball, 56S, EV 87.5 MPH)
|
|
Batting: LHB Joe Cozart
|
0-0: Ball 1-0: Ball 2-0: Ball 3-0: Called Strike 3-1: Swinging Strike 3-2: Foul Ball, location: 2F 3-2: Base on Balls
|
|
Batting: RHB Eric Erickson
|
0-0: Ball 1-0: Ball 2-0: Called Strike 2-1: Swinging Strike 2-2: Ground out 4-3 (Groundball, 34S, EV 85.6 MPH)
|
| Top of the 5th over - 0 runs, 0 hits, 0 errors, 1 left on base; Northwest Arkansas 2 - Erie 0 |
| BOTTOM OF THE 5TH |
|
Erie SeaWolves batting - Pitching for Northwest Arkansas Naturals : LHP Walter Whiteman
|
|
Batting: RHB Jamie Villagrana
|
0-0: Fly out, F9 (Line Drive, 9S, EV 100.0 MPH)
|
|
Batting: LHB Nick Nino
|
0-0: Called Strike 0-1: Foul Ball, location: 2F 0-2: Strikes out swinging
|
|
Batting: RHB Carlos Armenteros
|
0-0: Fly out, F8 (Flyball, 8LXD, EV 108.1 MPH)
|
| Bottom of the 5th over - 0 runs, 0 hits, 0 errors, 0 left on base; Northwest Arkansas 2 - Erie 0 |
| TOP OF THE 6TH |
|
Northwest Arkansas Naturals batting - Pitching for Erie SeaWolves : RHP Alex Garrett
|
|
Batting: LHB Randy Stapleton
|
0-0: Called Strike 0-1: Ball 1-1: Foul Ball, location: 2F 1-2: Ball 2-2: Ball 3-2: Base on Balls
|
|
Batting: SHB Danny Ballenger
|
0-0: Ball 1-0: Swinging Strike 1-1: Foul Ball, location: 2F 1-2: Foul Ball, location: 2F 1-2: Ball 2-2: Strikes out swinging
|
|
Batting: SHB Ryoji Hiraoka
|
0-0: Swinging Strike 0-1: Foul Ball, location: 2F 0-2: Strikes out looking
|
|
Pitching: RHP Andy Thoennes
|
|
|
Batting: RHB Kazuki Arai
|
0-0: Ball 1-0: Ground out 4-3 (Groundball, 4S, EV 70.6 MPH)
|
| Top of the 6th over - 0 runs, 0 hits, 0 errors, 1 left on base; Northwest Arkansas 2 - Erie 0 |
| BOTTOM OF THE 6TH |
|
Erie SeaWolves batting - Pitching for Northwest Arkansas Naturals : LHP Walter Whiteman
|
|
Batting: RHB Eric Angelle
|
0-0: Ground out 6-3 (Groundball, 6MS, EV 90.6 MPH)
|
|
Batting: RHB Adam MacConnell
|
0-0: Called Strike 0-1: Fly out, F9 (Flyball, 9S, EV 87.5 MPH)
|
|
Batting: RHB John Evancho
|
0-0: Fly out, F8 (Flyball, 8LM, EV 80.6 MPH)
|
| Bottom of the 6th over - 0 runs, 0 hits, 0 errors, 0 left on base; Northwest Arkansas 2 - Erie 0 |
| TOP OF THE 7TH |
|
Northwest Arkansas Naturals batting - Pitching for Erie SeaWolves : RHP Andy Thoennes
|
|
Batting: RHB Alex Cid
|
0-0: Called Strike 0-1: Ground out 4-3 (Groundball, 4, EV 98.8 MPH)
|
|
Batting: RHB Andy Urquhart
|
0-0: Called Strike 0-1: Fly out, F8 (Flyball, 8RD, EV 70.0 MPH)
|
|
Batting: RHB Edwin Ramos
|
0-0: Ball 1-0: Ground out 5-3 (Groundball, 56S, EV 85.6 MPH)
|
| Top of the 7th over - 0 runs, 0 hits, 0 errors, 0 left on base; Northwest Arkansas 2 - Erie 0 |
| BOTTOM OF THE 7TH |
|
Erie SeaWolves batting - Pitching for Northwest Arkansas Naturals : LHP Walter Whiteman
|
|
Batting: RHB Benny O'Connor
|
0-0: Foul Ball, location: 2F 0-1: Ball 1-1: Foul Ball, location: 2F 1-2: Fly out, F8 (Flyball, 89XD, EV 104.4 MPH)
|
|
Batting: RHB Tony Soto
|
0-0: Ball 1-0: Called Strike 1-1: Foul Ball, location: 2F 1-2: Strikes out swinging
|
|
Batting: RHB Tanner Purchase
|
0-0: Called Strike 0-1: Foul Ball, location: 2F 0-2: Ball 1-2: Ground out 5-3 (Groundball, 56, EV 82.5 MPH)
|
| Bottom of the 7th over - 0 runs, 0 hits, 0 errors, 0 left on base; Northwest Arkansas 2 - Erie 0 |
| TOP OF THE 8TH |
|
Northwest Arkansas Naturals batting - Pitching for Erie SeaWolves : RHP Andy Thoennes
|
|
Batting: LHB Joe Cozart
|
0-0: Foul Ball, location: 2F 0-1: Ball 1-1: Ball 2-1: Ball 3-1: Called Strike 3-2: Fly out, F6 (Line Drive, 4D, EV 70.6 MPH)
|
|
Batting: RHB Eric Erickson
|
0-0: Ball 1-0: Foul Ball, location: 2F 1-1: Ball 2-1: Called Strike 2-2: Foul Ball, location: 2F 2-2: Strikes out swinging
|
|
Batting: LHB Randy Stapleton
|
0-0: Ground out 4-3 (Groundball, 4S, EV 91.2 MPH)
|
| Top of the 8th over - 0 runs, 0 hits, 0 errors, 0 left on base; Northwest Arkansas 2 - Erie 0 |
| BOTTOM OF THE 8TH |
|
Erie SeaWolves batting - Pitching for Northwest Arkansas Naturals : LHP Walter Whiteman
|
|
Batting: RHB Jamie Villagrana
|
0-0: Called Strike 0-1: SINGLE (Line Drive, 9S, EV 108.8 MPH)
|
|
Pinch Hitting: SHB Sean Foley
|
0-0: Foul Ball, location: 2F 0-1: SINGLE (Line Drive, 4MD, EV 100.0 MPH) Jamie Villagrana to second Runner from 2nd tries for 3rd, SAFE, throw by CF made to third
|
|
Batting: RHB Carlos Armenteros
|
0-0: Ball 1-0: TRIPLE (Flyball, 89XD, EV 96.2 MPH) Jamie Villagrana scores Sean Foley scores
|
|
Batting: RHB Eric Angelle
|
0-0: Called Strike 0-1: Ball 1-1: Fly out, F7 (Flyball, 78D, EV 96.2 MPH) Runner from 3rd tags up, SCORES, no throw by LF
|
|
Pitching: RHP Kevin Tumbleson
|
|
|
Batting: RHB Adam MacConnell
|
0-0: Ball 1-0: Foul Ball, location: 2F 1-1: TRIPLE (Flyball, 89XD, EV 101.9 MPH)
|
|
Batting: RHB John Evancho
|
0-0: Ball 1-0: Called Strike 1-1: Ground out 4-3 (Groundball, 4, EV 76.9 MPH)
|
|
Batting: RHB Benny O'Connor
|
0-0: Called Strike 0-1: Swinging Strike 0-2: Ball 1-2: Foul Ball, location: 2F 1-2: Ball 2-2: Foul Ball, location: 2F 2-2: Ball 3-2: SINGLE (Groundball, 34D, EV 100.0 MPH) Adam MacConnell scores
|
|
Batting: RHB Tony Soto
|
0-0: Called Strike 0-1: Fly out, F3 (Popup, 23, EV 93.8 MPH)
|
| Bottom of the 8th over - 4 runs, 5 hits, 0 errors, 1 left on base; Northwest Arkansas 2 - Erie 4 |
| TOP OF THE 9TH |
|
Northwest Arkansas Naturals batting - Pitching for Erie SeaWolves : RHP Andy Thoennes
|
|
Pitching: RHP Cameron Maxwell
|
|
|
Now at 2B: Sean Foley
|
|
|
Batting: SHB Danny Ballenger
|
0-0: Foul Ball, location: 2F 0-1: Ball 1-1: Ball 2-1: Foul Ball, location: 2F 2-2: SOLO HOME RUN (Flyball, 89XD, EV 111.2 MPH), Distance : 434 ft
|
|
Batting: SHB Ryoji Hiraoka
|
0-0: Ball 1-0: Ball 2-0: Ball 3-0: Base on Balls
|
|
Batting: RHB Kazuki Arai
|
0-0: Bunt missed! 0-1: Bunted foul 0-2: Strikes out swinging
|
|
Batting: RHB Alex Cid
|
0-0: Foul Ball, location: 2F 0-1: Called Strike 0-2: Ball 1-2: SINGLE (Groundball, 56S, EV 66.9 MPH) (infield hit) Ryoji Hiraoka to second
|
|
Batting: RHB Andy Urquhart
|
0-0: Called Strike 0-1: Swinging Strike 0-2: Ball 1-2: Fly out, F9 (Flyball, 9D, EV 91.9 MPH) Runner from 2nd tags up, SAFE at 3rd, no throw by RF
|
|
Batting: RHB Edwin Ramos
|
0-0: Ball 1-0: Foul Ball, location: 2F 1-1: Ball 2-1: Fielders Choice at 2nd, 5-4 (Groundball, 56, EV 88.8 MPH)
|
| Top of the 9th over - 1 run, 2 hits, 0 errors, 2 left on base; Northwest Arkansas 3 - Erie 4 |
|